 Dungeon Crawl Stone Soup version 0.30-a0-743-gbfdf073431 (webtiles) character file.

Game seed: 4727036087442366084

1638 jimonade the Thaumaturge (level 9, -5/56 HPs)
             Began as a Djinni Hedge Wizard on Feb 6, 2023.
             Engulfed by a cloud of flame (6 damage)
             ... on level 7 of the Dungeon.
             The game lasted 00:22:42 (7040 turns).

jimonade the Thaumaturge (Djinni Hedge Wizard)      Turns: 7040, Time: 00:22:42

Health: -5/56      AC:  6    Str: 11    XL:     9   Next: 18%
Gold:   429        EV: 26    Int: 18    God:
                   SH:  0    Dex: 13

rFire   + + .      SeeInvis .    a - +2 dagger (venom)
rCold   x . .      Faith    .    K - orb {light}
rNeg    . . .      Spirit   .    e - +0 ring mail
rPois   ∞          Reflect  .    c - +0 hat
rElec   .          Harm     .    (no cloak)
rCorr   .          Rampage  .    O - +0 pair of gloves
Will    .....                    (boots unavailable)
Stlth   +                        B - amulet of the acrobat
HPRegen 0.29/turn                (no ring)
MPRegen 0.00/turn                (no ring)

@: acrobatic, flying, glowing
A: sickness immunity, fire resistance 2, cold vulnerability 1, float, innate
caster, HP casting, extra vitality 1
a: no special abilities


You were on level 7 of the Dungeon.
You visited 1 branch of the dungeon, and saw 7 of its levels.

You collected 429 gold pieces.

Inventory:

Hand Weapons
 a - a +2 dagger of venom (weapon)
 i - a +0 sling
 u - a +0 short sword of speed
 y - a +0 dagger
Missiles
 m - 88 stones
 C - 8 poisoned darts
 M - a silver boomerang
Armour
 b - a +0 robe
 c - a +0 hat (worn)
 e - a +0 ring mail (worn)
 j - a +0 leather armour
 H - a +4 chain mail
 K - an orb of light (worn)
 O - a +0 pair of gloves (worn)
Jewellery
 n - an amulet of faith
 B - an amulet of the acrobat (around neck)
Wands
 w - a wand of acid (10)
 D - a wand of flame (25)
 F - a wand of iceblast (3)
 N - a wand of digging (2)
Scrolls
 g - 2 scrolls of noise {unknown}
 h - 7 scrolls of identify {unknown}
 p - a scroll of amnesia {unknown}
 s - 2 scrolls of enchant armour {unknown}
 x - a scroll of fear {unknown}
 z - 3 scrolls of teleportation {unknown}
 A - a scroll of fog {unknown}
 E - 2 scrolls of blinking {unknown}
 G - 3 scrolls of poison {unknown}
 I - a scroll of vulnerability {unknown}
 J - a scroll of magic mapping {unknown}
 L - a scroll of brand weapon {unknown}
Potions
 d - 2 potions of magic
 f - a potion of cancellation {unknown}
 k - 3 potions of attraction {unknown}
 l - a potion of resistance {unknown}
 o - 7 potions of curing {unknown}
 q - 2 potions of invisibility {unknown}
 r - a potion of berserk rage {unknown}
 t - a potion of degeneration {unknown}
 v - a potion of flight {unknown}
 P - a potion of haste {unknown}


   Skills:
 + Level 0.7 Fighting
 + Level 2.9 Armour
 + Level 2.6 Dodging
 - Level 1.5 Stealth
 * Level 8.4 Spellcasting


You had 5 spell levels left.
You knew the following spells:

 Your Spells              Type           Power      Damage    Failure   Level
a - Magic Dart            Conj           100%       1d8       1%          1
b - Slow                  Hex            100%       N/A       1%          1
c - Blink                 Tloc           74%        N/A       1%          2
d - Call Imp              Summ           37%        N/A       1%          2
e - Mephitic Cloud        Conj/Pois/Air  37%        N/A       1%          3
f - Foxfire               Conj/Fire      100%       2x1d9     1%          1
g - Momentum Strike       Conj/Tloc      74%        3d10      1%          2
h - Inner Flame           Hex/Fire       37%        N/A       1%          3
i - Leda's Liquefaction   Hex/Erth       18%        N/A       7%          4
Your spell library was empty.

Dungeon Overview and Level Annotations

Branches:
Dungeon (7/15)
 Temple: D:4-7

Altars:
Cheibriados
Elyvilon
Fedhas
Nemelex Xobeh
Okawaru
Trog
Yredelemnul
The Shining One

Shops:
D:6 :

Annotations:
D:4 1 runed translucent door, Darkkill's ghost, amateur MiHu


Innate Abilities, Weirdness & Mutations

You are immune to sickness and miasma.
You are immune to poison.
Your flesh is very heat resistant. (rF++)
You are vulnerable to cold. (rC-)
You float through the air rather than walking.
You learn spells naturally, not from books.
Your magical power is your life essence.
You have superior vitality. (+4 MHP)


Message History

The howler monkey is engulfed in blazing flames.
Flame seeps out of the howler monkey.
The foxfire hits the howler monkey.
The howler monkey explodes!
You hear a shout!
Casting: Foxfire (safe; 1% risk of failure)
Press: ? - help, Q - select action, (/) - cycle Dir - look around, f - activate You conjure some foxfire!
* * * LOW HITPOINT WARNING * * *
A lemure comes into view.
Casting: Foxfire (safe; 1% risk of failure)
Press: ? - help, Q - select action, (/) - cycle Dir - look around, f - activate You conjure some foxfire!
* * * LOW HITPOINT WARNING * * *
A lemure comes into view.
Casting: Foxfire (safe; 1% risk of failure)
Press: ? - help, Q - select action, (/) - cycle Dir - look around, f - activate You conjure some foxfire!
* * * LOW HITPOINT WARNING * * *
The foxfire hits Dowan.
Flame seeps out of Dowan.
Dowan is moderately wounded.
Dowan is engulfed in blazing flames.
Flame seeps out of Dowan.
Casting: Foxfire (safe; 1% risk of failure)
Press: ? - help, Q - select action, (/) - cycle Dir - look around, f - activate You conjure some foxfire!
* * * LOW HITPOINT WARNING * * *
Your foxfire dissipates!
The foxfire hits Dowan.
Flame seeps out of Dowan.
Dowan is severely wounded.
Dowan is engulfed in blazing flames.
Flame seeps out of Dowan.
Dowan mumbles some strange words.
Dowan blinks!
Your foxfire dissipates!
The foxfire hits Dowan!
Dowan explodes!
The fiery explosion engulfs you! You resist.
* * * LOW HITPOINT WARNING * * *
The foxfire hits the lemure.
The lemure is lightly wounded.
You are engulfed in blazing flames.
You resist.
You die...

#...<#.#
#....#.#
##.#.#.#######
# #...#.......#
5.#.###.......#
#.... #.......#
#5§##.......#
#..5........#
#.##§§@.....#
#§)§######
##§.## #...#
#.#.#########.§
#..)☼..........
######.######..
#.# #.#


You could see 2 lemures.

Vanquished Creatures
  Eustachio (D:4)
  Duvessa (D:7)
  2 black bears
  An ice beast (D:6)
  A bullfrog (D:6)
  Dowan (D:7)
  2 howler monkeys (D:7)
  3 orc priests
  A hound (D:4)
  A jelly (D:4)
  3 iguanas
  Jessica (D:2)
  Ijyb (D:4)
  4 orc wizards
  11 gnolls (D:4)
  6 adders
  A worm (D:2)
  4 dart slugs
  16 orcs
  6 ball pythons
  2 endoplasms
  3 giant cockroaches
  6 goblins
  5 hobgoblins
  4 jackals (D:3)
  6 quokkas
  9 bats
  5 frilled lizards
  10 kobolds
  9 rats
126 creatures vanquished.

Vanquished Creatures (collateral kills)
  A black bear (D:4)
  2 hounds (D:5)
  An orc priest (D:5)
  2 iguanas (D:5)
  3 adders
  A dart slug (D:2)
  4 orcs
  2 giant cockroaches (D:4)
  A goblin (D:2)
  A hobgoblin (D:2)
  2 kobolds (D:1)
  2 ball pythons
22 creatures vanquished.

Vanquished Creatures (others)
  A quokka (D:4)
  379 foxfires
  7 fungi (D:4)
  A plant (D:4)
388 creatures vanquished.

Grand Total: 536 creatures vanquished

Notes
Turn   | Place    | Note
-------+----------+-------------------------------------------
     0 | D:1      | jimonade the Djinni Hedge Wizard began the quest for the
                  | Orb.
     0 | D:1      | jimonade set off with the following spells memorised: Magic
                  | Dart, Slow, Blink, Call Imp, Mephitic Cloud.
     0 | D:1      | Reached XP level 1. HP: 15/15 MP: 0/0
   207 | D:1      | Reached XP level 2. HP: 17/21 MP: 0/0
   517 | D:1      | Reached skill level 3 in Spellcasting
   629 | D:1      | Reached XP level 3. HP: 24/25 MP: 0/0
   629 | D:1      | Learned a level 1 spell: Foxfire
  1034 | D:2      | Found a faded altar of an unknown god.
  1332 | D:2      | Reached XP level 4. HP: 27/31 MP: 0/0
  1544 | D:2      | You are sucked into a shaft and drop 2 floors!
  1546 | D:4      | Found a runed translucent door.
  1546 | D:4      | Noticed Darkkill's ghost (amateur MiHu)
  1689 | D:4      | Noticed a black bear
  1699 | D:5      | Entered Level 5 of the Dungeon
  1704 | D:5      | Reached skill level 4 in Spellcasting
  1704 | D:5      | Reached XP level 5. HP: 18/35 MP: 0/0
  1704 | D:5      | Learned a level 2 spell: Momentum Strike
  2290 | D:5      | Reached XP level 6. HP: 38/40 MP: 0/0
  2312 | D:5      | Reached skill level 5 in Spellcasting
  2551 | D:4      | Killed a black bear
  2552 | D:4      | Reached XP level 7. HP: 38/46 MP: 0/0
  2552 | D:4      | Learned a level 3 spell: Inner Flame
  2821 | D:4      | Reached skill level 6 in Spellcasting
  2939 | D:4      | Noticed Eustachio
  2976 | D:4      | Killed Eustachio
  3049 | D:4      | Found a sparkling altar of Nemelex Xobeh.
  3069 | D:4      | Noticed Ijyb
  3087 | D:4      | Killed Ijyb
  3114 | D:4      | Reached XP level 8. HP: 10/51 MP: 0/0
  4444 | D:4      | Reached skill level 7 in Spellcasting
  4634 | D:4      | Found a blossoming altar of Fedhas.
  4678 | D:4      | Reached skill level 1 in Armour
  4696 | D:4      | Found an iron altar of Okawaru.
  4766 | D:4      | Found a white marble altar of Elyvilon.
  5553 | D:3      | Found a basalt altar of Yredelemnul.
  5964 | D:2      | Noticed Jessica
  5968 | D:2      | Killed Jessica
  6450 | D:6      | Found Zikeg's Book Boutique.
  6466 | D:6      | Found a glowing golden altar of the Shining One.
  6608 | D:6      | Reached skill level 8 in Spellcasting
  6608 | D:6      | Reached XP level 9. HP: 52/56 MP: 0/0
  6608 | D:6      | Learned a level 4 spell: Leda's Liquefaction
  6770 | D:6      | Found a bloodstained altar of Trog.
  6773 | D:6      | Found a snail-covered altar of Cheibriados.
  7008 | D:7      | Noticed Duvessa
  7009 | D:7      | Noticed Dowan
  7026 | D:7      | Killed Duvessa
  7039 | D:7      | Killed Dowan
  7039 | D:7      | HP: 1/56 [spore (13)]
  7040 | D:7      | Engulfed by a cloud of flame

Illustrated notes

Levels and vault maps discovered:
D:1:      lemuel_arrival_cross, layout_rooms, st_stairs_11, serial_bayou_pond_b
D:2:      layout_loops_ring, hellmonk_ecumenical_altar_defaced_shrine,
          minmay_pentomino_pile, uniq_jessica
D:3:      layout_basic, marbit_many_paths
D:4:      layout_rooms, mainiacjoe_overflow_paths, elyvilon_altar_4,
          general_overflow_altar, fedhas_altar_3,
          hellmonk_ghost_happy_afterlife, minmay_distorted, uniq_ijyb,
          uniq_eustachio
D:5:      layout_layer_cave, chequers_serial_rivers_micro_d,
          dreamdust_wishing_well, nicolae_underground_beach
D:6:      layout_cave_pools, nicolae_overflow_hidden_temple, tso_altar,
          serial_shops, kennysheep_mini_moat
D:7:      layout_basic, minmay_temple_entry_large_hall, serial_park_tiny_pond,
          lemuel_flame_loot_1, uniq_maggie, uniq_pikel, uniq_duvessa

Skill      XL: |  1  2  3  4  5  6  7  8 |
---------------+-------------------------+-----
Spellcasting   | 3 4 5 6 8 |  8.4
Armour         | 2 |  2.9
Fighting       | |  0.7
Dodging        | |  2.6
Stealth        | |  1.5

Action                     |  1- 3 |  4- 6 |  7- 9 || total
---------------------------+-------+-------+-------++-------
  Melee: Dagger            |       |     1 |     8 ||     9
   Cast: Magic Dart        |    82 |    36 |       ||   118
         Call Imp          |     8 |    17 |    22 ||    47
         Blink             |     1 |       |       ||     1
         Foxfire           |       |    37 |   185 ||   222
         Mephitic Cloud    |       |     6 |    15 ||    21
         Inner Flame       |       |       |    20 ||    20
 Armour: Robe              |     3 |     6 |       ||     9
         Leather armour    |       |       |     2 ||     2
         Ring mail         |       |       |     6 ||     6
  Dodge: Dodged            |    10 |    13 |    15 ||    38

Table legend: (Time is in decaauts)
 A = Elapsed time spent in this place.
 B = Non-inter-level travel time spent in this place.
 C = Inter-level travel time spent in this place.
 D = Time resting spent in this place.
 E = Time spent auto-exploring this place.
 F = Levels seen in this place.
 G = Mean time per level.
                   A        B        C        D        E       F      G
               +--------+--------+--------+--------+--------+-----+--------+
         Total |   7044 |   6516 |    528 |    574 |   4438 |   7 | 1006.3 |
       Dungeon |   7044 |   6516 |    528 |    574 |   4438 |   7 | 1006.3 |
               +--------+--------+--------+--------+--------+-----+--------+

Top non-repeatable levels by time:
     D:5: 2210 daAuts
     D:4: 1322 daAuts
     D:1: 1023 daAuts
     D:2: 1005 daAuts
     D:3: 822 daAuts
     D:6: 589 daAuts
     D:7: 71 daAuts
